 Dungeon Crawl Stone Soup version 0.18.1-47-g9310371 (webtiles) character file.

202 Vincendra the Cudgeler (level 5, -6/46 HPs)
             Began as a Minotaur Fighter on June 21, 2016.
             Was a Follower of Trog.
             Killed by nerve-wracking pain
             ... invoked by an orc priest
              (10 damage)
             ... on level 4 of the Dungeon.
             The game lasted 00:08:41 (2516 turns).

Vincendra the Cudgeler (Minotaur Fighter)           Turns: 2516, Time: 00:08:42

Health: -6/46      AC: 11    Str: 22    XL:     5   Next: 50%
Magic:  4/4        EV:  4    Int:  5    God:    Trog [*.....]
Gold:   136        SH:  9    Dex:  9    Spells: 0 memorised, 4 levels left

rFire  . . .     SeeInvis .     a - +0 flail
rCold  . . .     Gourm    .     p - +0 plate armour
rNeg   . . .     Faith    .     c - +0 shield
rPois  .         Spirit   .     (helmet restricted)
rElec  .         Dismiss  .     (no cloak)
rCorr  .         Reflect  .     (no gloves)
SustAt .         Harm     .     (no boots)
MR     .....                    (no amulet)
Stlth  ..........               (no ring)
                                (no ring)

@: not resistant to hostile enchantments, extremely unstealthy
A: retaliatory headbutt, horns 2
a: Berserk, Burn Spellbooks, Renounce Religion


You were on level 4 of the Dungeon.
You worshipped Trog.
Trog was aware of your devotion.
You were not hungry.

You visited 1 branch of the dungeon, and saw 4 of its levels.

You collected 136 gold pieces.

Inventory:

Hand Weapons
 a - a +0 flail (weapon)
Armour
 c - a +0 shield (worn)
 n - a cursed +0 pair of boots
 p - a +0 plate armour (worn)
 s - a +2 buckler
Scrolls
 g - 2 scrolls of remove curse {unknown}
 h - a scroll of blinking {unknown}
 j - 5 scrolls of identify
 l - 3 scrolls of fear {unknown}
Potions
 b - a potion of brilliance {unknown}
 d - 2 potions of might
 e - a potion of lignification {unknown}
 k - 2 potions of degeneration {unknown}
 o - a potion of resistance {unknown}
 r - a potion of agility {unknown}
Comestibles
 f - a bread ration
 i - 2 meat rations
 m - a beef jerky
 q - 3 chunks of flesh


   Skills:
 - Level 3.9 Fighting
 + Level 6.6 Maces & Flails
 - Level 3.9 Armour
 - Level 3.7 Shields


You had 4 spell levels left.
You didn't know any spells.

Dungeon Overview and Level Annotations

Branches:
Dungeon (4/15)
 Temple: D:4-7

Altars:
Ashenzari
Elyvilon
Fedhas
Kikubaaqudgha
Makhleb
Sif Muna
Trog
Yredelemnul

Annotations:
D:2 exclusion: oklob plant


Innate Abilities, Weirdness & Mutations

You reflexively headbutt those who attack you in melee.
You have a pair of horns on your head.


Message History

The gnoll is moderately wounded.
The gnoll hits you with a whip.
Your plate armour prevents you from hitting the gnoll.
Your headbutt misses the gnoll.
The gnoll is moderately wounded.
You block the gnoll's attack.
The gnoll hits you but does no damage. x2
You hit the gnoll but do no damage.
The gnoll is moderately wounded.
You block the gnoll's attack. x2
You hit the gnoll but do no damage. Your headbutt misses the gnoll.
The gnoll is moderately wounded.
The orc priest calls down the wrath of Beogh upon you.
Beogh smites you!
* * * LOW HITPOINT WARNING * * *
The gnoll barely misses you. The gnoll hits you with a whip.
* * * LOW HITPOINT WARNING * * *
The orc priest looks braver for a moment.
The orc priest invokes the aid of Beogh against you.
Pain shoots through your body!
You die...

..# ...........g...†......
.....##.....######........
.... ##.....# #.#######
....##.<....# #.#
#......[...# ..#
##.........# #.#
##....#...# #.#
##......o.######.#
.##.......#g.g..@..#
.......#..##..o#####
..#....##g###..#
..##...##og#...# .
##........)..#
.##...........#.#
.#...##....###.##
.........##.# .#
)...###..# ## ##


You could see an orc priest, 2 gnolls and an orc.

Vanquished Creatures
  A centaur zombie (D:3)
  A worker ant (D:4)
  4 adders
  2 gnolls (D:4)
  An ooze (D:3)
  3 worms (D:2)
  3 dart slugs (D:1)
  4 giant geckos
  5 orcs
  A giant cockroach (D:2)
  5 goblins
  8 hobgoblins
  3 jackals (D:1)
  5 kobolds
  3 quokkas
  2 ball pythons
  5 bats
  3 giant newts
  6 rats
65 creatures vanquished.

Notes
Turn   | Place    | Note
--------------------------------------------------------------
     0 | D:1      | Vincendra the Minotaur Fighter began the quest for the Orb.
     0 | D:1      | Reached XP level 1. HP: 19/19 MP: 0/0
   339 | D:1      | Reached XP level 2. HP: 27/27 MP: 1/1
   570 | D:1      | Reached skill level 3 in Maces & Flails
   819 | D:1      | Reached XP level 3. HP: 33/33 MP: 2/2
  1217 | D:2      | Reached skill level 4 in Maces & Flails
  1285 | D:2      | Found a bloodstained altar of Trog.
  1294 | D:2      | Became a worshipper of Trog the Wrathful
  1503 | D:2      | Found a blossoming altar of Fedhas.
  1516 | D:2      | Noticed an oklob plant
  1589 | D:2      | Reached XP level 4. HP: 35/40 MP: 3/3
  1691 | D:2      | Reached skill level 5 in Maces & Flails
  1812 | D:3      | Found a basalt altar of Yredelemnul.
  1987 | D:3      | Found a white marble altar of Elyvilon.
  2048 | D:3      | Reached XP level 5. HP: 45/46 MP: 4/4
  2079 | D:3      | Reached skill level 6 in Maces & Flails
  2144 | D:3      | Reached * piety under Trog
  2255 | D:3      | Found a deep blue altar of Sif Muna.
  2282 | D:3      | Found an ancient bone altar of Kikubaaqudgha.
  2284 | D:3      | Found a burning altar of Makhleb.
  2435 | D:4      | Found a shattered altar of Ashenzari.
  2516 | D:4      | Killed from afar by an orc priest

Skill      XL: |  1  2  3  4  5 |
---------------+----------------+-----
Maces & Flails | 3 4 5 6 |  6.6
Fighting       | |  3.9
Armour         | |  3.9
Shields        | |  3.7

Action                   |  1- 3 |  4- 6 || total
-------------------------+-------+-------++-------
Melee: Flail             |   116 |    81 ||   197
       Headbutt          |    19 |    12 ||    31
  Use: Scroll            |       |     2 ||     2
  Eat: Chunk             |     2 |       ||     2
       Bread ration      |       |     1 ||     1
Armor: Scale mail        |    40 |       ||    40
       Plate armour      |     1 |    59 ||    60
Dodge: Dodged            |    27 |    19 ||    46
Block: Shield            |    54 |    49 ||   103
